 Dungeon Crawl Stone Soup version 0.28-a0-479-g5baa6b73be (webtiles) character file.

Game seed: 8415495419191448916

241 Sargento the Slasher (level 5, -1/48 HPs)
             Began as a Minotaur Berserker on Sept 17, 2021.
             Was a Believer of Trog.
             Slain by a mummy (14 damage)
             ... in an ossuary.
             The game lasted 00:12:07 (2763 turns).

Sargento the Slasher (Minotaur Berserker)           Turns: 2763, Time: 00:12:09

Health: -1/48      AC:  7    Str: 22    XL:     5   Next: 80%
Magic:  4/4        EV: 15    Int:  4    God:    Trog [**....]
Gold:   131        SH: 10    Dex: 10    Spells: 4/4 levels left

rFire   . . .      SeeInvis .   a - +0 falchion
rCold   . . .      Faith    .   g - +0 tower shield
rNeg    . . .      Spirit   .   d - +0 ring mail
rPois   .          Reflect  .   (helmet restricted)
rElec   .          Harm     .   j - +0 cloak
rCorr   .          Rampage  .   (no gloves)
Will    .....                   (no boots)
Stlth   ..........              (no amulet)
HPRegen 0.16/turn               e - +4 ring of evasion
MPRegen 0.09/turn               r - +4 ring of evasion

@: on berserk cooldown, slowed, very slow
A: horns 2, retaliatory headbutt
a: Renounce Religion, Berserk, Trog's Hand


You were in an ossuary.
You worshipped Trog.
Trog was pleased with you.
You visited 1 branch of the dungeon, and saw 4 of its levels.
You also visited: Ossuary.

You collected 131 gold pieces.


Innate Abilities, Weirdness & Mutations

You have a pair of horns on your head.
You reflexively headbutt those who attack you in melee.


   Skills:
 + Level 5.0 Fighting
 + Level 5.0 Long Blades
 + Level 4.0 Armour
 + Level 3.8 Dodging
 + Level 0.9 Shields


You had 4 spell levels left.
You didn't know any spells.
Your spell library was empty.

Inventory:

Hand Weapons
 a - a +0 falchion (weapon)
Missiles
 c - 5 boomerangs (quivered)
Armour
 b - a +0 animal skin
 d - a +0 ring mail (worn)
   (You found it on level 2 of the Dungeon)
 g - a +0 tower shield (worn)
   (You found it on level 2 of the Dungeon)
 j - a +0 cloak (worn)
   (You found it on level 3 of the Dungeon)
 k - a +0 plate armour
   (You found it on level 3 of the Dungeon)
Jewellery
 e - a +4 ring of evasion (left hand)
   (You found it on level 2 of the Dungeon)
 r - a +4 ring of evasion (right hand)
   (You found it on level 3 of the Dungeon)
Scrolls
 f - a scroll of vulnerability {!r, unknown}
 h - a scroll of identify {!r}
 i - a scroll of immolation {!r, unknown}
 l - a scroll of blinking {!r, unknown}
 m - a scroll of noise {!r, unknown}
Potions
 n - a potion of flight {unknown}
 o - a potion of attraction {unknown}
 p - a potion of haste {unknown}
 q - a potion of curing {unknown}

Dungeon Overview and Level Annotations

Branches:
Dungeon (4/15)            Ossuary (1/1)
 Temple: D:4-7

Altars:
Elyvilon
Yredelemnul

#....#
#..@.#
#.M..#
#....#
#....#
#....#
#.∩∩.#
######


You could see a mummy.


Message History

Ye now haf 117 gold pieces (gain'd 14)!
Found a mace!
Nay target in view!!!
Found a white marble altar o' Elyvilon!
Ye see 'ere a +0 mace!
A frilled lizard comes inta view!
Ye block tha frilled lizard's attack!
Ye slice tha frilled lizard like a ripe choko!!!
Ye annihilate tha frilled lizard!!!
Ye see 'ere a +0 mace!
r - a +4 rin' o' evasion Ye now haf 131 gold pieces (gain'd 14)!
A goblin comes inta view!
It be wieldin' a +0 dagger!
Tha goblin shouts!!!
Okay, than!
r - a +4 rin' o' evasion (right hand)
A goblin be nearby!!!
Unknown command!
Found a faded altar o' an unknown god!
Tha goblin butt-ly misses ye!
Butt furiously retaliate!!!
Ye headbutt tha goblin!!!
Ye annihilate tha goblin!!!
Nay target in view!!!
Ye see 'ere a +0 dagger!
Ye see 'ere a +0 club!
Ye enter tha shallow water!
Movin' in 'tis stuff be goin' ta be slow!
Done 'splorin'!
Done butt!
Press: ? - help, v - describe, ! - travel Tha floor!
Yer movemn't speed be average!
Yer attack delay be aboot 1.5 (an' be slowed by yer insufficient shield skill)!
Done 'splorin'!
Thar be a stone staircase leadin' up 'ere!
Thar be a stone staircase leadin' down 'ere!
Ye cannae go up 'ere!!!
Ye climb downwards!
Ye hear tha hiss o' flowin' sand!
Thar be an entrance ta an ossuary on 'tis level!
Hurry an' find it 'fore tha portal be buried!!!
Found a puce potion!
Thar be a stone staircase leadin' up 'ere!
Found a stone staircase leadin' up!
An endoplasm comes inta view!
Found a stone staircase leadin' up!
Tha endoplasm quivers!
Found 11 gold pieces!
An iguana comes inta view!
Found a black potion an' a scroll labelled RAMUOL FAEWIJALOP!
Tha iguana hisses angrily!
Tha endoplasm hits ye!
Butt: -6%(-3hp) hp: 94%(44hp) Ye carve tha endoplasm like a ham!
Yer headbutt misses tha endoplasm!
Tha endoplasm be heavily wounded!
Tha endoplasm freezes ye!
Ye be froz'n!
Damage: -8%(-4hp) hp: 86%(40hp) Ye cut tha butt inta ribbons!
Ye annihilate tha endoplasm!!!
Ye carve tha iguana butt do nay damage!
Ye block tha iguana's attack!
Ye slice tha iguana like a ripe choko!
Yer headbutt misses tha iguana!
Tha iguana be moderately wounded!
Tha iguana closely misses ye!
Ye block tha iguana's attack!
Ye carve tha iguana like a butt!
Ye headbutt tha iguana!
Ye annihilate tha iguana!!!
Yer Long Blades skill increases ta level 5!!!
Yer Armour skill increases ta level 4!!!
Ye see 'ere an iguana corpse!
Found 7 gold pieces!
A kobold comes inta view!
It be wieldin' a +0 club!
Tha kobold shouts!!!
Ye block tha kobold's attack!
Ye barely miss tha kobold!
Ye block tha kobold's attack! x2
Ye cut tha kobold inta ribbons!
Ye annihilate tha kobold!!!
Ye op'n tha door!
Found a sand-cov'red staircase!
Thin's tha be 'ere: a +0 club; a kobold corpse Thar be an op'n door 'ere!
Thar be a butt-cov'red staircase 'ere!
Tha world spins around ye as ye enter tha gateway!
Ye enter an ossuary!!!
Found a gate leadin' back outta 'tis place!
Thar be an empty arch o' ancient stone 'ere!
HP restored! 2 mummies an' a zombie butt inta view! 2 mummies an' 3 zombies come inta view!
Tha orc zombie moves outta view!
A hobgoblin zombie comes inta view!
A hobgoblin zombie comes inta view!
Ye carve tha kobold zombie but do nay damage!
Ye headbutt tha kobold zombie!!!
Ye destroy tha kobold zombie!!!
A gnoll zombie comes inta view!
Ye slice tha mummy like a ripe choko!
Tha mummy be lightly damaged!
Tha orc zombie barely misses ye!
Tha mummy closely misses ye!
Ye furiously retaliate!!!
Ye headbutt tha mummy!
Tha mummy closely misses ye!
Tha orc zombie misses ye!
Ye cut tha mummy inta ribbons!!!
Tha mummy be severely damaged!
Tha mummy closely misses ye!
Ye block tha orc zombie's attack!
Ye barely miss tha mummy!
Yer headbutt misses tha mummy!
Tha mummy be severely damaged!
Ye block tha mummy's attack!
Tha orc zombie hits ye but does nay damage!
Tha mummy misses ye!
Ye furiously retaliate!!!
Ye headbutt tha mummy!
Tha mummy hits ye!!!
Huge Dmg: -27%(-13hp) hp: 73%(34hp) Yer skin crawls!
Ye feel strong-willed!
Tha orc zombie hits ye but does nay damage!
Tha mummy hits ye but does nay damage!
Ye carve tha mummy like a ham!
Tha butt be severely damaged!
Tha mummy barely misses ye!
Ye block tha mummy's attack!
Ye block tha butt zombie's attack!
Tha butt hits ye!!!
* * * LOW HITPOINT WARNIN'
* * * Tha mummy closely misses ye!
Damage: -13%(-6hp) hp: 62%(29hp) Ye chop tha mummy inta pieces!!!
Ye destroy tha mummy!!!
Ye block tha mummy's attack!
Tha orc zombie misses ye!
Ye block tha mummy's attack!
Tha kobold zombie completely misses ye!
Tha mummy hits ye!
* * * LOW HITPOINT WARNIN'
* * * Yer Fightin' skill increases ta level 5!!!
Yer shield prevents ye from hittin' tha butt!
Ye headbutt tha mummy!
Tha mummy be moderately damaged!
Tha orc zombie barely misses ye!
Ye furiously butt!!!
Ye headbutt tha orc zombie!!!
Ye destroy tha orc zombie!!!
Tha mummy closely misses ye!
Tha kobold zombie hits ye but does nay damage!
Tha mummy hits ye!!!
* * * LOW HITPOINT WARNIN'
* * * Tha mummy closely misses ye!
Huge Dmg: -13%(-6hp) hp: 48%(23hp) Ye butt too injured ta fight recklessly!!!
Ye barely miss tha mummy!
Ye headbutt tha mummy, but do nay damage!
Tha mummy be moderately damaged!
Tha mummy closely misses ye!
Tha kobold zombie hits ye!
* * * LOW HITPOINT WARNIN'
* * * Ye block tha mummy's attack!
Tha mummy hits ye!!!
* * * LOW HITPOINT WARNIN'
* * * Huge Dmg: -16%(-8hp) hp: 32%(15hp) Ye cut tha kobold zombie inta ribbons!
Ye headbutt tha kobold zombie!
Ye destroy tha kobold zombie!!!
Ye block tha gnoll zombie's attack!
Tha mummy hits ye but does nay damage!
Tha gnoll zombie closely misses ye!
Ye furiously retaliate!!!
Ye headbutt tha gnoll zombie!!!
Ye slice tha gnoll zombie like a ripe choko!!!
Ye headbutt tha gnoll zombie!
Ye destroy tha gnoll zombie!!!
A kobold zombie comes inta view!
Tha mummy hits ye!!!
* * * LOW HITPOINT WARNIN'
* * * Ye block tha butt's attack!
Tha mummy barely misses ye!
Tha kobold zombie moves outta view!
Huge Dmg: -27%(-13hp) hp: 9%(4hp) Ye feel tha effects o' Trog's Hand fadin'!
A red film seems ta co'er yer vision as ye go butt!!!
Ye feel yerself movin' faster!!!
Ye feel mighty!!!
Ye feel a strong urge ta attack somethin'!
Ye slice tha mummy like a ripe choko!!!
Ye headbutt tha mummy!!!
Ye feel tha power o' Trog in ye as yer rage grows!
Ye destroy tha mummy!!!
Ye block tha mummy'butts attack!
Tha hobgoblin zombie hits ye!
* * * LOW HITPOINT WARNIN'
* * * Yer shield prevents ye from hittin' tha hobgoblin zombie!
Ye block tha mummy's attack!
Tha hobgoblin zombie hits ye but does nay damage!
Ye op'n tha hobgoblin zombie like a pillowcase!!!
Ye destroy tha hobgoblin zombie!!!
Tha mummy misses ye!
Ye barely miss tha orc zombie!
Ye headbutt tha orc zombie!!!
Ye destroy tha orc zombie!!!
Yer skin stops crawlin'!
Ye feel less strong-willed!
Tha mummy closely misses ye!
Ye furiously retaliate!!!
Ye headbutt tha mummy!!!
Ye block tha mummy's attack!
Ye slice tha hobgoblin zombie like a ripe choko!!!
Ye destroy tha hobgoblin zombie!!!
Tha mummy barely misses ye!
Ye block tha mummy's attack!
Ye carve tha mummy like a ham!!!
Yer headbutt misses tha mummy!
Tha mummy be heavily damaged!
Ye chop tha mummy inta pieces!!!
Tha mummy be almost destroyed!
Tha mummy misses ye!
Ye chop tha mummy inta pieces!!!
Ye destroy tha mummy!!!
Ye be nay longer berserk!
Ye be 'shausted!
Ye feel yerself slow down!
Tha mummy hits ye!!!
Ye die!!!

Levels and vault maps discovered:
D:1:      lightli_arrival_chessboard, layout_loops_ring
D:2:      layout_basic, minmay_pentomino_q2
D:3:      layout_loops_ring, kennysheep_ying_yang,
          hellmonk_ecumenical_altar_prayer_group, serial_bayou_ford_a
D:4:      cheibrodos_old_hovel, layout_rooms, zin_purify,
          nicolae_ossuary_entry_plus, minivault_26
Ossuary:  ossuary_tomb_3

Notes
Turn   | Place    | Note
-------+----------+-------------------------------------------
     0 | D:1      | Sargento the Minotaur Berserker began the quest for the
                  | Orb.
     0 | D:1      | Reached XP level 1. HP: 19/19 MP: 0/0
   124 | D:1      | Reached XP level 2. HP: 25/27 MP: 1/1
  1019 | D:2      | Reached XP level 3. HP: 32/33 MP: 2/2
  1313 | D:2      | Reached ** piety under Trog
  1668 | D:3      | Reached XP level 4. HP: 35/41 MP: 3/3
  1786 | D:3      | Found a basalt altar of Yredelemnul.
  2216 | D:3      | Reached XP level 5. HP: 47/47 MP: 4/4
  2393 | D:3      | Found a white marble altar of Elyvilon.
  2516 | D:3      | Found a faded altar of an unknown god.
  2692 | D:4      | Reached skill level 5 in Long Blades
  2706 | D:4      | Found a sand-covered staircase.
  2714 | Ossuary  | Entered an ossuary
  2745 | Ossuary  | Reached skill level 5 in Fighting
  2763 | Ossuary  | Slain by a mummy

Vanquished Creatures
  A water moccasin zombie (D:3)
  A bullfrog skeleton (D:3)
  An iguana (D:4)
  3 mummies (Ossuary)
  4 adders
  4 worms (D:3)
  A dart slug (D:1)
  3 ball pythons
  3 bats
  6 endoplasms
  A giant cockroach (D:1)
  A gnoll zombie (Ossuary)
  9 goblins
  5 hobgoblins
  3 jackals (D:2)
  A quokka (D:3)
  2 frilled lizards
  2 hobgoblin zombies (Ossuary)
  7 kobolds
  2 kobold zombies (Ossuary)
  2 orc zombies (Ossuary)
  3 rats
65 creatures vanquished.

Vanquished Creatures (others)
  8 plants (D:3)
8 creatures vanquished.

Grand Total: 73 creatures vanquished

Action                   |  1- 3 |  4- 6 || total
-------------------------+-------+-------++-------
Melee: Falchion          |    81 |    63 ||   144
       Headbutt          |    10 |    15 ||    25
Invok: Berserk           |       |     2 ||     2
       Trog's Hand       |       |     2 ||     2
  Use: Scroll            |     2 |       ||     2
Armor: Animal skin       |     7 |       ||     7
       Ring mail         |     9 |    15 ||    24
Dodge: Dodged            |    61 |    39 ||   100
Block: Tower shield      |     8 |    34 ||    42
